 Dungeon Crawl Stone Soup version 0.29-a0-892-g2c4c91d9db (webtiles) character file.

Game seed: 11089814617707631983

2908 Pooter the Cleaver (level 9, -10/108 (118) HPs)
             Began as a Minotaur Berserker on July 23, 2022.
             Was a Priest of Trog.
             Mangled by a two-headed ogre
             ... wielding a +0 giant club
              (18 damage)
             ... on level 8 of the Dungeon.
             The game lasted 00:32:38 (7237 turns).

Pooter the Cleaver (Minotaur Berserker)             Turns: 7237, Time: 00:32:38

HP:   -10/108 (118) AC:  9    Str: 27    XL:     9   Next: 49%
MP:   0/8           EV:  9    Int:  4    God:    Trog [***...]
Gold: 218           SH:  0    Dex:  9    Spells: 8/8 levels left

rFire   + . .      SeeInvis +   a - +0 battleaxe
rCold   . . .      Faith    .   (shield currently unavailable)
rNeg    . . .      Spirit   +   B - +0 chain mail
rPois   .          Reflect  .   (helmet restricted)
rElec   .          Harm     .   e - +0 cloak
rCorr   .          Rampage  .   (no gloves)
Will    .....                   (no boots)
Stlth   ..........              G - amulet of guardian spirit
HPRegen 0.28/turn               F - ring of protection from fire
MPRegen 0.11/turn               S - ring of see invisible

@: berserking, drained, very quick
A: horns 2, retaliatory headbutt
a: Renounce Religion, Berserk, Trog's Hand


You were on level 8 of the Dungeon.
You worshipped Trog.
Trog was most pleased with you.
You visited 1 branch of the dungeon, and saw 8 of its levels.

You collected 438 gold pieces.
You spent 220 gold pieces at shops.

Inventory:

Hand Weapons
 a - a +0 battleaxe (weapon)
   (You took it off a wight on level 7 of the Dungeon)
 b - a +1 vorpal sling
   (You found it on level 1 of the Dungeon)
 p - a +0 hand axe
 u - a +0 war axe
   (You found it on level 4 of the Dungeon)
 H - a +1 scythe of venom
   (You took it off Sigmund on level 3 of the Dungeon)
 K - a +4 trident of freezing
   (You took it off a wight on level 8 of the Dungeon)
 L - a +3 dire flail of freezing
   (You took it off a wight on level 8 of the Dungeon)
Missiles
 x - 3 javelins
 z - 23 poisoned darts (quivered)
 Q - 94 stones
Armour
 e - a +0 cloak (worn)
   (You found it on level 1 of the Dungeon)
 B - a +0 chain mail (worn)
   (You found it on level 5 of the Dungeon)
Jewellery
 g - an amulet of magic regeneration
   (You found it on level 1 of the Dungeon)
 F - a ring of protection from fire (left hand)
   (You found it on level 2 of the Dungeon)
 G - an amulet of guardian spirit (around neck)
   (You found it on level 1 of the Dungeon)
 J - a ring of willpower
   (You found it on level 8 of the Dungeon)
 N - a ring of positive energy
   (You took it off an orc on level 8 of the Dungeon)
 P - a ring of poison resistance
   (You found it on level 7 of the Dungeon)
 S - a ring of see invisible (right hand)
   (You found it on level 2 of the Dungeon)
Wands
 m - a wand of quicksilver (20)
   (You found it on level 2 of the Dungeon)
 y - a wand of roots (13)
   (You took it off Natasha on level 4 of the Dungeon)
Scrolls
 c - 2 scrolls of blinking
 d - 4 scrolls of noise {!r}
 i - a scroll of summoning {unknown}
 j - a scroll of torment {!r}
 k - a scroll of fear
 o - a scroll of fog
 r - a scroll of poison {!r}
 t - 2 scrolls of teleportation {@r4}
 C - 2 scrolls of magic mapping
 E - a scroll of immolation {!r}
Potions
 f - 2 potions of cancellation {unknown}
 h - 10 potions of curing {@q1}
 l - 3 potions of degeneration {unknown}
 n - a potion of lignification {unknown}
 q - 3 potions of attraction {unknown}
 s - 4 potions of heal wounds {@q2}
 v - 3 potions of flight
 w - a potion of mutation {!q}
 A - 2 potions of resistance {unknown}
 D - 2 potions of might {unknown}
 I - a potion of haste {unknown}


   Skills:
 + Level 7.4 Fighting
 * Level 10.0 Axes
 * Level 8.2 Ranged Weapons
 - Level 2.4 Armour
 - Level 2.1 Dodging
 + Level 4.5 Evocations


You had 8 spell levels left.
You didn't know any spells.
Your spell library was empty.

Dungeon Overview and Level Annotations

Branches:
Dungeon (8/15)             Temple (0/1) D:4
   Lair: D:8-11

Altars:
Uskayaw

Shops:
D:4 !   D:7 =   D:8 *

Annotations:
D:5 3 runed translucent doors, PyroL's ghost, novice HOMo; SirDiesAlot's ghost, amateur DEEE; ragingrage's ghost, weakling GrDe


Innate Abilities, Weirdness & Mutations

You have a pair of horns on your head.
You reflexively headbutt those who attack you in melee.


Message History

The wight struggles to escape constriction.
The grasping roots constrict the wight!
The wight hits you with a +4 scimitar!
You feel drained.
You hit the wight but do no damage.
The grasping roots constrict the wight.
You destroy the wight!
Trog accepts your kill.
The withered plant crumbles away.
Your Axes skill increases to level 10!
Things that are here:
a +4 scimitar; a +0 robe You start resting.
x - 3 javelins (gained 1)
Found a potion of curing.
h - 10 potions of curing {@q1} (gained 1)
There is a stone staircase leading up here.
A two-headed ogre comes into view.
It is wielding a +0 giant club and a +0 giant spiked club.
Found a falchion.
A boulder beetle comes into view.
The boulder beetle curls into a ball and begins rolling!
A red film seems to cover your vision as you go berserk!
You feel yourself moving faster!
You feel mighty! The boulder beetle hits you!!!
The boulder beetle stops rolling and uncurls.
You hit the boulder beetle. The boulder beetle barely misses you.
You hit the boulder beetle but do no damage.
You headbutt the boulder beetle!
The boulder beetle bites you but does no damage.
You slash the boulder beetle! You barely miss the two-headed ogre.
You slice the two-headed ogre!! You headbutt the two-headed ogre.
You slash the boulder beetle!
The two-headed ogre hits you with a +0 giant club!
* * * LOW MAGIC WARNING * * *
* * * LOW HITPOINT WARNING * * *
The two-headed ogre hits you with a +0 giant spiked club!!
* * * LOW MAGIC WARNING * * *
* * * LOW HITPOINT WARNING * * *
The boulder beetle misses you.
You closely miss the two-headed ogre.
Your headbutt misses the two-headed ogre.
You hit the boulder beetle but do no damage.
The boulder beetle barely misses you.
Unknown command.
You barely miss the two-headed ogre. You headbutt the two-headed ogre!
You hit the boulder beetle.
The two-headed ogre hits you with a +0 giant club!!
* * * LOW MAGIC WARNING * * *
* * * LOW HITPOINT WARNING * * *
The two-headed ogre hits you with a +0 giant spiked club!!
* * * LOW MAGIC WARNING * * *
You die...

....... ####### ..)#
# ...## ##### ....#
....# ○...## ....#
°....# ....##
###.....## .....#
####O.......# .....#
####..@B.......#
.....#
####........#....##
.....###......######
.....
..........##### .###
......##### #
....### ....# ...##
...#


You could see a boulder beetle and a two-headed ogre.

Vanquished Creatures
  Sigmund (D:3)
  6 humans
  Duvessa (D:7)
  2 ice beasts
  A hornet zombie (D:8)
  An orc warrior (D:7)
  A sky beast (D:7)
  A kobold brigand (D:6)
  A gnoll sergeant (D:5)
  A scorpion (D:4)
  8 wights
  Dowan (D:7)
  An electric eel (D:7)
  2 howler monkeys (D:6)
  2 hounds (D:5)
  3 jellies
  3 orc priests
  Natasha (thrice) (D:4)
  2 iguanas
  2 orc wizards
  3 gnolls (D:5)
  4 adders
  2 white imps
  2 ufetubi
  3 worms
  3 dart slugs
  19 orcs
  8 ball pythons
  4 endoplasms
  4 giant cockroaches
  10 goblins
  10 hobgoblins
  4 jackals
  14 kobolds
  2 quokkas
  7 bats
  2 frilled lizards
  6 rats
150 creatures vanquished.

Vanquished Creatures (others)
  6 withered plants
6 creatures vanquished.

Grand Total: 156 creatures vanquished

Notes
Turn   | Place    | Note
-------+----------+-------------------------------------------
     0 | D:1      | Pooter the Minotaur Berserker began the quest for the Orb.
     0 | D:1      | Reached XP level 1. HP: 19/19 MP: 0/0
   116 | D:1      | Reached skill level 4 in Axes
   151 | D:1      | Reached XP level 2. HP: 24/27 MP: 1/1
   614 | D:1      | Reached skill level 1 in Ranged Weapons
   842 | D:1      | Reached XP level 3. HP: 33/33 MP: 2/2
  1121 | D:2      | Reached ** piety under Trog
  2076 | D:3      | Noticed Sigmund
  2089 | D:3      | Killed Sigmund
  2090 | D:3      | Reached skill level 5 in Axes
  2090 | D:3      | Reached skill level 1 in Evocations
  2090 | D:3      | Reached XP level 4. HP: 41/41 MP: 3/3
  2090 | D:3      | Reached XP level 5. HP: 47/47 MP: 4/4
  2139 | D:3      | Reached XP level 6. HP: 53/53 MP: 5/5
  2385 | D:3      | Found a faded altar of an unknown god.
  2606 | D:4      | Reached skill level 5 in Fighting
  2748 | D:4      | Found a staircase to the Ecumenical Temple.
  2810 | D:4      | Noticed Natasha
  2814 | D:4      | Reached skill level 6 in Axes
  2820 | D:4      | Killed Natasha
  2881 | D:4      | Noticed Natasha
  2886 | D:4      | Killed Natasha
  2896 | D:4      | Noticed Natasha
  2898 | D:4      | Killed Natasha
  2955 | D:4      | Reached *** piety under Trog
  2975 | D:4      | Found Rifulejo's Distillery.
  2989 | D:4      | Bought a potion of curing for 33 gold pieces
  2989 | D:4      | Bought a potion of flight for 33 gold pieces
  2989 | D:4      | Bought a potion of curing for 33 gold pieces
  2989 | D:4      | Bought a potion of mutation for 88 gold pieces
  2989 | D:4      | Bought a potion of curing for 33 gold pieces
  3165 | D:4      | Found a hide-covered altar of Uskayaw.
  3590 | D:5      | Entered Level 5 of the Dungeon
  3638 | D:5      | Reached XP level 7. HP: 61/61 MP: 6/6
  3793 | D:5      | Found a runed translucent gate.
  3793 | D:5      | Found a runed translucent gate.
  3793 | D:5      | Found a runed translucent gate.
  3794 | D:5      | Noticed PyroL's ghost (novice HOMo)
  3794 | D:5      | Noticed SirDiesAlot's ghost (amateur DEEE)
  3795 | D:5      | Noticed ragingrage's ghost (weakling GrDe)
  4335 | D:5      | Reached skill level 5 in Ranged Weapons
  4638 | D:6      | Reached skill level 7 in Axes
  4821 | D:6      | Noticed a human
  4821 | D:6      | Noticed a human
  4822 | D:6      | Noticed a human
  4831 | D:6      | Noticed a human
  4838 | D:5      | Killed a human
  4839 | D:5      | Reached XP level 8. HP: 62/70 MP: 4/7
  4850 | D:5      | Reached skill level 8 in Axes
  5574 | D:7      | Found Utafohit's Jewellery Shoppe.
  5586 | D:7      | Reached skill level 9 in Axes
  5680 | D:7      | Noticed Duvessa
  5695 | D:7      | Reached XP level 9. HP: 78/78 MP: 8/8
  5712 | D:7      | Noticed Dowan
  5720 | D:7      | Killed Dowan
  5999 | D:7      | Killed Duvessa
  6732 | D:8      | Found Diomm's Mass Market.
  7120 | D:8      | Reached skill level 10 in Axes
  7227 | D:8      | Noticed a two-headed ogre
  7228 | D:8      | Noticed a boulder beetle
  7237 | D:8      | Mangled by a two-headed ogre

Illustrated notes

Levels and vault maps discovered:
D:1:      co_arrival_random_square_maze, layout_rooms, bh_walls_and_bars
D:2:      layout_basic
D:3:      layout_rooms, ebering_ecumenical_altar_sacrificial, minmay_hedge_maze,
          uniq_sigmund
D:4:      layout_basic, mainiacjoe_overflow_alcove_1,
          minmay_temple_entry_statues_pillars, serial_shops,
          nicolae_shop_window_shopping, st_stairs_9, uniq_natasha
D:5:      layout_basic, gammafunk_ghost_cemetery
D:6:      layout_cave_pools, grunt_decor_one_mirror, minmay_ruffians
D:7:      layout_loops_ring, nicolae_wooded_promenade, uniq_duvessa
D:8:      layout_cave_pods, serial_undead, serial_undead_f, serial_undead_e,
          serial_undead_b, serial_undead_c, serial_undead_b, serial_undead_f,
          minmay_shop_mass, uniq_maggie

Skill      XL: |  1  2  3  4  5  6  7  8  9 |
---------------+----------------------------+-----
Axes           | 4 5 6 7 9 10 | 10.0
Ranged Weapons | 1 3 4 5 7 8 |  8.2
Fighting       | 4 5 6 7 |  7.4
Evocations     | 1 2 3 4 |  4.5
Armour         | |  2.4
Dodging        | |  2.1

Action                   |  1- 3 |  4- 6 |  7- 9 || total
-------------------------+-------+-------+-------++-------
Melee: Hand axe          |    27 |       |       ||    27
       Punch             |     1 |       |       ||     1
       Headbutt          |     3 |     8 |    32 ||    43
       Halberd           |       |    58 |    85 ||   143
       Battleaxe         |       |       |    46 ||    46
 Fire: Sling             |   104 |    21 |    45 ||   170
Throw: Javelin           |       |       |     5 ||     5
       Dart              |       |       |     7 ||     7
Invok: Berserk           |     2 |       |     8 ||    10
       Trog's Hand       |       |     1 |     5 ||     6
Evoke: Wand              |       |       |     7 ||     7
  Use: Scroll            |     2 |     3 |     5 ||    10
       Potion            |       |       |     3 ||     3
 Stab: Sleeping          |       |     1 |       ||     1
Armor: Animal skin       |    14 |     8 |       ||    22
       Chain mail        |       |       |    67 ||    67
Dodge: Dodged            |    39 |    27 |    75 ||   141

Table legend: (Time is in decaauts)
 A = Elapsed time spent in this place.
 B = Non-inter-level travel time spent in this place.
 C = Inter-level travel time spent in this place.
 D = Time resting spent in this place.
 E = Time spent auto-exploring this place.
 F = Levels seen in this place.
 G = Mean time per level.
                   A        B        C        D        E       F      G
               +--------+--------+--------+--------+--------+-----+--------+
         Total |   7394 |   7244 |    150 |   1500 |   4561 |   8 |  924.2 |
       Dungeon |   7394 |   7244 |    150 |   1500 |   4561 |   8 |  924.2 |
               +--------+--------+--------+--------+--------+-----+--------+

Top non-repeatable levels by time:
     D:7: 1437 daAuts
     D:2: 1178 daAuts
     D:5: 1147 daAuts
     D:4: 996 daAuts
     D:1: 928 daAuts
     D:6: 835 daAuts
     D:3: 552 daAuts
     D:8: 318 daAuts
